 Dungeon Crawl Stone Soup version 0.18-a0-1121-gb454403 (webtiles) character file.

576 Geeful the Magician (level 7, -3/41 HPs)
             Began as an Octopode Wizard on Jan 19, 2016.
             Was a Follower of Sif Muna.
             Killed by divine providence
             ... invoked by an orc priest
              (8 damage)
             ... on level 5 of the Dungeon.
             The game lasted 00:20:17 (5952 turns).

Geeful the Magician (Octopode Wizard)               Turns: 5952, Time: 00:20:17

Health: -3/41      AC:  8    Str:  6    XL:     7   Next: 35%
Magic:  10/15      EV: 12    Int: 24    God:    Sif Muna [*.....]
Gold:   29         SH:  0    Dex: 11    Spells: 4 memorised, 9 levels left

rFire  + . .     SeeInvis .     a - +0 flail (protect)
rCold  + . .     Gourm    .     (no shield)
rNeg   + . .     Faith    .     g - +2 hat
rPois  .         Spirit   .     (no amulet)
rElec  .         Dismiss  .     C - ring "Hajoy" {rF+ rC+ rN+ Stlth+}
rCorr  .         Reflect  .     (no ring)
SustAt .         Harm     .     (no ring)
MR     .....                    (no ring)
Stlth  ++++......               (no ring)
                                (no ring)
                                (no ring)
                                (no ring)

@: repel missiles, not resistant to hostile enchantments, stealthy
A: almost no armour, amphibious, 8 rings, constrict 8, camouflage 1, clever 1,
gelatinous body 1
a: Channel Energy, Renounce Religion


You were on level 5 of the Dungeon.
You worshipped Sif Muna.
Sif Muna was aware of your devotion.
You were not hungry.

You visited 1 branch of the dungeon, and saw 5 of its levels.

You collected 206 gold pieces.
You spent 177 gold pieces at shops.

Inventory:

Hand Weapons
 a - a +0 flail of protection (weapon)
 b - a +1 blowgun
 A - a +0 flail
 B - a +1 dagger of holy wrath
Missiles
 e - 34 poisoned needles
 f - 4 tomahawks (quivered)
Armour
 g - a +2 hat (worn)
 i - a +0 shield
Jewellery
 t - an uncursed amulet of regeneration {unknown}
 C - the ring "Hajoy" (left tentacle) {rF+ rC+ rN+ Stlth+}
   (You found it on level 5 of the Dungeon)

   [ring of positive energy]

   It protects you from fire.
   It protects you from cold.
   It protects you from negative energy.
   It makes you more stealthy.
Wands
 u - a wand of disintegration (11/24)
Scrolls
 s - 2 scrolls of fear
 y - a scroll of fog
 z - a scroll of recharging
 D - a scroll of remove curse {unknown}
Potions
 k - a potion of mutation
 l - a potion of haste
 m - 5 potions of curing
 p - a potion of ambrosia {unknown}
 q - a potion of heal wounds {unknown}
 r - a potion of brilliance
 v - a potion of cure mutation {unknown}
 w - a potion of lignification {unknown}
 x - a potion of poison {unknown}
Books
 d - a book of Minor Magic

   Spells                             Type                      Level
   a - Magic Dart                     Conjuration                  1
   b - Blink                          Translocation                2
   c - Call Imp                       Summoning                    2
   d - Repel Missiles                 Charms/Air                   2
   e - Slow                           Hexes                        2
   f - Conjure Flame                  Conjuration/Fire             3
   g - Mephitic Cloud                 Conjuration/Poison/Air       3
Comestibles
 c - 3 bread rations
 h - 4 beef jerkies
 j - 2 meat rations
 n - 4 chunks of flesh


   Skills:
 - Level 2.0 Dodging
 - Level 2.6 Stealth
 * Level 5.5 Spellcasting
 * Level 4.9 Conjurations
 - Level 1.0 Summonings
   Level 1.0 Translocations
 + Level 2.7 Invocations


You had 9 spell levels left.
You knew the following spells:

 Your Spells              Type           Power        Failure   Level  Hunger
a - Magic Dart            Conj           ####         1%          1    None
b - Call Imp              Summ           ##......     12%         2    None
c - Repel Missiles        Chrm/Air       #.....       14%         2    None
d - Mephitic Cloud        Conj/Pois/Air  ##......     14%         3    #......


Dungeon Overview and Level Annotations

Branches:
Dungeon (5/15)             Temple (0/1) D:5

Altars:
Cheibriados
Elyvilon
Kikubaaqudgha
Ru
Sif Muna

Shops:
D:4 (*

Annotations:
D:5 Grinder


Innate Abilities, Weirdness & Mutations

You cannot wear most types of armour.
You are amphibious.
You can wear up to eight rings at the same time.
You can use your tentacles to constrict eight enemies at once.
Your skin changes colour to match your surroundings (Stealth).
Your rubbery body absorbs attacks (AC +1).
Your mind is acute. (Int +2)


Message History

Press: ? - help, Dir - move target cursor, f - orc priest
Aim: an orc priest, wielding a flail and wearing a ring mail Attack!
The orc priest casts a cantrip, but nothing happens.
Your crimson imp misses the orc priest.
The orc priest hits your crimson imp with a flail.
Your crimson imp hits the orc priest but does no damage.
Your crimson imp barely misses the orc priest.
The orc priest hits your crimson imp with a flail.
Your crimson imp hits the orc priest but does no damage.
Your crimson imp hits the orc priest.
The orc priest mumbles some strange prayers to Beogh against you.
Something smites you!
* * * LOW HITPOINT WARNING * * *
Your crimson imp hits the orc priest.
Your white imp hits the orc priest but does no damage.
Your crimson imp hits the orc priest but does no damage.
The orc priest calls down the wrath of Beogh upon you.
Something smites you!
You die...

#.#.## .#
.....##.. #######
#.#.....# #
5.5.<.# #.#...#
.#. .####o#
#.#...# #.# .#
#.######.#...# #.#
.# #......5.....#
#.# ##
#.##..o5....@###.#
#.#.#5##..(.....<#
... ##....#..#####
#.# ##...P..# .o##
#..P...# .#
#..>PP.# #...P...#
........#
.######...


You could see an orc priest, 2 friendly crimson imps and a friendly white imp.

Vanquished Creatures
  An ogre (D:5)
  2 scorpions
  A hound (D:5)
  An orc priest (D:5)
  A centaur skeleton (D:4)
  A worker ant (D:4)
  A hound skeleton (D:4)
  7 adders
  An adder skeleton (D:5)
  2 worms (D:5)
  2 giant geckos
  6 orcs
  11 bats
  7 giant cockroaches
  5 goblins
  11 hobgoblins
  4 jackals
  8 kobolds
  A quokka (D:2)
  A ball python (D:2)
  A ball python skeleton (D:4)
  A giant gecko zombie (D:5)
  5 giant newts
  6 rats
87 creatures vanquished.

Vanquished Creatures (collateral kills)
  An ogre (D:4)
  A centaur skeleton (D:4)
  An iguana (D:4)
  An orc wizard (D:4)
  5 adders
  4 orcs (D:4)
  A giant cockroach (D:4)
  2 hobgoblins (D:3)
  A jackal (D:3)
  A bat (D:3)
  2 giant newts (D:4)
20 creatures vanquished.

Grand Total: 107 creatures vanquished

Notes
Turn   | Place    | Note
--------------------------------------------------------------
     0 | D:1      | Geeful the Octopode Wizard began the quest for the Orb.
     0 | D:1      | Reached XP level 1. HP: 11/11 MP: 4/4
   417 | D:1      | Reached XP level 2. HP: 7/17 MP: 6/6
   955 | D:1      | Learned a level 2 spell: Call Imp
   958 | D:1      | Learned a level 2 spell: Repel Missiles
  1161 | D:1      | Reached XP level 3. HP: 16/21 MP: 7/7
  1786 | D:2      | Reached XP level 4. HP: 24/27 MP: 0/9
  2074 | D:2      | Found a white marble altar of Elyvilon.
  2110 | D:2      | Reached skill level 4 in Spellcasting
  2145 | D:2      | Found a snail-covered altar of Cheibriados.
  2272 | D:2      | Found a deep blue altar of Sif Muna.
  2278 | D:2      | Became a worshipper of Sif Muna the Loreminder
  2470 | D:2      | Learned a level 3 spell: Mephitic Cloud
  3024 | D:3      | Found an ancient bone altar of Kikubaaqudgha.
  3289 | D:3      | Reached XP level 5. HP: 31/31 MP: 8/11
  3546 | D:4      | Reached skill level 1 in Invocations
  3906 | D:4      | Found a sacrificial altar of Ru.
  4092 | D:4      | Found Tiunteg's Weapon Boutique.
  4378 | D:4      | Reached XP level 6. HP: 36/36 MP: 6/12
  4719 | D:4      | Found Ytiriatt's Assorted Antiques.
  4726 | D:4      | Bought a smoky white potion for 27 gold pieces
  4726 | D:4      | Bought a potion of curing for 90 gold pieces
  4726 | D:4      | Bought a runed dagger for 60 gold pieces
  4948 | D:5      | Entered Level 5 of the Dungeon
  4990 | D:5      | Got a smoking brass ring
  4999 | D:5      | Identified the ring "Hajoy" {rF+ rC+ rN+ Stlth+} (You found it on level 5 of the Dungeon)
  5011 | D:5      | Reached * piety under Sif Muna
  5011 | D:5      | Reached skill level 5 in Spellcasting
  5306 | D:5      | Reached XP level 7. HP: 41/41 MP: 8/14
  5383 | D:5      | Noticed Grinder
  5492 | D:4      | Gained mutation: Your mind is acute. (Int +2) [potion of beneficial mutation]
  5538 | D:5      | Paralysed by Grinder for 4 turns
  5929 | D:5      | Found a staircase to the Ecumenical Temple.
  5952 | D:5      | Killed from afar by an orc priest

Vault maps used:
D:1:      mrwooster_arrival_statue, grunt_decor_arrowhead
D:2:      lemuel_crystal_altar, lemuel_round_altar, cheibriados_altar_1
D:3:      marbit_many_paths
D:4:      lemuel_round_altar, first_bread, serial_shops,
          nicolae_shop_waterfront, shop_statue
D:5:      fedhas_altar_2, minmay_temple_entry_overgrown, uniq_grinder

Action                   |  1- 3 |  4- 6 |  7- 9 || total
-------------------------+-------+-------+-------++-------
Melee: Unarmed           |    14 |       |       ||    14
       Whip              |    42 |    43 |       ||    85
       Dagger            |       |    43 |    29 ||    72
       Flail             |       |     3 |     9 ||    12
Throw: Tomahawk          |     3 |       |       ||     3
 Cast: Magic Dart        |    33 |    62 |       ||    95
       Repel Missiles    |     1 |       |       ||     1
       Call Imp          |       |    25 |    15 ||    40
       Mephitic Cloud    |       |     6 |     1 ||     7
Evoke: Wand              |       |     1 |       ||     1
  Use: Scroll            |     2 |    11 |       ||    13
       Potion            |       |       |     4 ||     4
 Stab: Sleeping          |     6 |     2 |       ||     8
       Confused          |       |     3 |     1 ||     4
  Eat: Chunk             |     3 |    11 |     2 ||    16
